 Dungeon Crawl Stone Soup version 0.26-a0-61-g6c07f0ee8d (webtiles) character file.

Game seed: 15370221708808924699

56 Gwenloh the Vexing (level 3, -2/14 HPs)
             Began as a Felid Enchanter on June 10, 2020.
             Slain by an adder (4 damage)
             ... on level 2 of the Dungeon.
             The game lasted 00:11:17 (2729 turns).

Gwenloh the Vexing (Felid Enchanter)                Turns: 2729, Time: 00:11:17

Health: -2/14      AC:  1    Str: 10    XL:     3   Next: 71%
Magic:  2/7        EV: 19    Int: 17    God:
Gold:   94         SH:  0    Dex: 16    Spells: 0/6 levels left
                                        Lives:  0   Deaths: 0

rFire    . . .     SeeInvis +     - Unarmed
rCold    . . .     Gourm    .   (shield unavailable)
rNeg     . . .     Faith    .   (armour unavailable)
rPois    .         Spirit   .   (helmet unavailable)
rElec    .         Reflect  .   (cloak unavailable)
rCorr    .         Harm     .   (gloves unavailable)
MR       .....                  (boots unavailable)
Stlth    +++.......             (no amulet)
HPRegen  0.04/turn              e - +6 ring of strength
MPRegen  0.10/turn              (no ring)

@: very slightly contaminated, hasted, very quick
A: very small, no armour, no weapons or thrown items, stealth, claws 1, fangs 3,
see invisible, carnivore, speed 1, shaggy fur 1, slow metabolism 1, sharp paws
a: no special abilities


You were on level 2 of the Dungeon.
You were completely stuffed.

You visited 1 branch of the dungeon, and saw 2 of its levels.

You collected 94 gold pieces.

Inventory:

Jewellery
 e - a +6 ring of strength (left paw)
Scrolls
 a - 4 scrolls of identify {unknown}
 c - a scroll of teleportation {unknown}
 d - 3 scrolls of random uselessness {unknown}
 g - a scroll of fog {unknown}
 i - a scroll of immolation {unknown}
Potions
 f - 2 potions of ambrosia {unknown}
 h - 2 potions of degeneration {unknown}
Comestibles
 b - 2 rations
 j - 2 chunks of flesh


   Skills:
 + Level 3.4 Dodging
 + Level 4.6 Stealth
 + Level 1.7 Unarmed Combat
 + Level 2.4 Spellcasting
 + Level 5.0 Hexes


You couldn't memorise any spells.
You knew the following spells:

 Your Spells              Type           Power        Failure   Level  Hunger
a - Corona                Hex            ###....      2%          1    #......
b - Ensorcelled Hibernat  Hex/Ice        ##....       10%         2    ##.....
c - Tukima's Dance        Hex            ###.....     7%          3    ###....

Your spell library contained the following spells:

 Spells                   Type           Power        Failure   Level  Hunger
 Confusing Touch          Hex            ###.....     7%          3    ###....
 Dazzling Flash           Conj/Hex       ##....       21%         3    ###....


Dungeon Overview and Level Annotations

Branches:
Dungeon (2/15)

Altars:
Elyvilon


Innate Abilities, Weirdness & Mutations

You cannot wear armour.
You are incapable of wielding weapons or throwing items.
Your paws allow you to move quietly. (Stealth)
You have sharp claws.
You have razor-sharp teeth.
You have supernaturally acute eyesight. (SInv)
You are carnivorous and can eat meat at any time.
You cover ground quickly.
You are covered in fur. (AC +1)
You have a slow metabolism.
Your sharp claws are effective at attacking unaware monsters.


Message History

Aim: an adder (chance to defeat MR: 50%)
The adder resists with some effort.
You feel sick. The adder misses you. The adder misses you.
There is an open door here.
You feel sick. The adder barely misses you.
Casting: Ensorcelled Hibernation (safe; 10% risk of failure)
Confirm with . or Enter, or press ? or * to list all spells.
Aiming: Ensorcelled Hibernation (safe; 10% risk of failure)
Press: ? - help, Shift-Dir - straight line, f/p - adder
Aim: an adder (chance to defeat MR: 50%)
The adder resists with some effort.
The adder completely misses you.
You feel sick.
You feel sick.
You are no longer poisoned.
Okay, then.
Sorry, you're not good enough to have a special ability.
You feel yourself speed up. The adder bites you.
* * * LOW HITPOINT WARNING * * *
The adder bites you.
You die...

#...# #...#.#####
#...# #...#>....##
#...# #..........#
#...# #..........#
#...####..........#
#..........########
##.........#
#.......######
#.......@...<#
#........S...####
########........#
#..K...##.#
#.....###.#
#.........#
#.....#####
#######.#####
#.......#


You could see an adder and a kobold.

Vanquished Creatures
  A worm (D:2)
  2 dart slugs (D:1)
  An orc (D:1)
  6 bats
  3 giant cockroaches
  5 hobgoblins
  6 jackals
  A quokka (D:2)
  A ball python (D:1)
  3 frilled lizards
  2 goblins
  5 kobolds
  6 rats
42 creatures vanquished.

Vanquished Creatures (collateral kills)
  An orc (D:2)
1 creature vanquished.

Grand Total: 43 creatures vanquished

Notes
Turn   | Place    | Note
-------+----------+-------------------------------------------
     0 | D:1      | Gwenloh the Felid Enchanter began the quest for the Orb.
     0 | D:1      | Reached XP level 1. HP: 7/7 MP: 4/4
   276 | D:1      | Reached XP level 2. HP: 7/11 MP: 4/6
   390 | D:1      | Learned a level 2 spell: Ensorcelled Hibernation
  1602 | D:1      | Reached XP level 3. HP: 14/14 MP: 0/7
  1670 | D:1      | Learned a level 3 spell: Tukima's Dance
  2458 | D:2      | Reached skill level 5 in Hexes
  2477 | D:2      | Found a white marble altar of Elyvilon.
  2729 | D:2      | Slain by an adder

Illustrated notes

Levels and vault maps discovered:
D:1:      wander_arrival_estate, layout_basic
D:2:      layout_basic, elyvilon_altar_3

Skill      XL: |  1  2  3 |
---------------+----------+-----
Dodging        | 3 |  3.4
Hexes          | 5 |  5.0
Stealth        | |  4.6
Unarmed Combat | |  1.7
Spellcasting   | |  2.4

Action                   || total
-------------------------++-------
Melee: Unarmed           ||    73
       Bite              ||     3
 Cast: Corona            ||    10
       Ensorcelled Hiber ||    39
       Tukima's Dance    ||     2
  Use: Potion            ||     1
 Stab: Sleeping          ||    29
  Eat: Chunk             ||    14
Armor: Skin              ||     1
Dodge: Dodged            ||    60

Table legend:
 A = Non-vault XP
 B = Vault XP
 C = Vault XP percentage of total XP
 D = Non-vault monster count
 E = Vault monster count
 F = Vault count percentage of total count
                 A         B        C        D         E       F
            +---------+---------+-------+---------+---------+-------
      Total |      81 |       0 |   0.0 |      43 |       0 |   0.0
            +---------+---------+-------+---------+---------+-------
        D:1 |      42 |       0 |   0.0 |      22 |       0 |   0.0
        D:2 |      39 |       0 |   0.0 |      21 |       0 |   0.0
            +---------+---------+-------+---------+---------+-------
